 Dungeon Sprint DCSS version 0.23.0 (webtiles) character file.

Game seed: 10251858485604023009

24990 nuthulu the Cleaver (level 12, 0/108 HPs)
             Began as a Demonspawn Gladiator on Feb 16, 2019.
             Was the Champion of Makhleb.
             Slain by a storm dragon (9 damage)
             ... in the Dungeon (Sprint V: "Ziggurat Sprint").
             The game lasted 00:05:49 (647 turns).

nuthulu the Cleaver (Demonspawn Gladiator)           Turns: 647, Time: 00:05:49

Health: 0/108      AC: 39    Str: 25    XL:     12   Next: 85%
Magic:  18/18      EV: 13    Int: 15    God:    Makhleb [******]
Gold:   0          SH: 32    Dex: 16    Spells: 11/11 levels left

rFire    . . .     SeeInvis +   F - +14 obsidian axe {chop, +Fly SInv *Curse} (curse)
rCold    + + +     Gourm    +   H - +18 shield of the Gong {rElec rN+ MR+ EV-5}
rNeg     + + .     Faith    .   G - +15 Maxwell's patent armour {-Cast -Tele rElec MR+ rCorr}
rPois    .         Spirit   .   c - +0 helmet
rElec    +         Reflect  .   N - +2 cloak {MR+}
rCorr    +         Harm     .   (no gloves)
MR       +++..     NoTele   +   b - +2 pair of boots {Stlth+} Stlth ..........NoCast +
                                O - amulet "Lupneclaqi" {Gourm Int+4}
HPRegen  1.28/turn              D - +6 ring of strength
MPRegen  0.16/turn              M - ring "Tasap" {rC++ rN+ Str+2}

@: mesmerised, studying 2 skills
A: cold resistance 1, powered by death 2, freezing cloud immunity, subdued magic
1, sturdy frame 2
a: Minor Destruction, Lesser Servant of Makhleb, Major Destruction, Greater
Servant of Makhleb, Renounce Religion, Evoke Flight


You were in the Dungeon.
You worshipped Makhleb.
Makhleb was exalted by your worship.
You were not hungry.

You visited 1 branch

Inventory:

Hand Weapons
 F - the cursed +14 obsidian axe (weapon) {chop, +Fly SInv *Curse}
   (You found it in the Dungeon)

   It inflicts extra damage upon your enemies.
   It lets you see invisible.
   It lets you fly.
   It curses itself when equipped.
   It has a curse placed upon it.
Missiles
 d - 3 throwing nets (quivered)
Armour
 b - a +2 pair of boots of stealth (worn)
 c - a +0 helmet (worn)
 G - the +15 Maxwell's patent armour (worn) {-Cast -Tele rElec MR+ rCorr}
   (You found it in the Dungeon)

   It insulates you from electricity.
   It affects your resistance to hostile enchantments.
   It prevents spellcasting.
   It prevents most forms of teleportation.
   It provides partial protection from all sources of acid and corrosion.
 H - the +18 shield of the Gong (worn) {rElec rN+ MR+ EV-5}
   (You found it in the Dungeon)

   It affects your evasion (-5).
   It insulates you from electricity.
   It protects you from negative energy.
   It affects your resistance to hostile enchantments.
 N - a +2 cloak of magic resistance (worn)
Jewellery
 a - an uncursed ring of fire
 z - a +6 ring of dexterity
 A - a +6 ring of dexterity
 B - a +6 ring of intelligence
 C - a +6 ring of intelligence
 D - a +6 ring of strength (left hand)
 E - a +6 ring of strength
 I - an uncursed ring of stealth
 J - the ring "Qeow" {rPois rC+ Slay-4 Stlth+}
   (You found it in the Dungeon)

   [ring of protection from cold]

   It affects your accuracy and damage with ranged weapons and melee attacks
   (-4).
   It protects you from cold.
   It protects you from poison.
   It makes you more stealthy.
 K - the ring of Attitude {rPois rF+}
   (You found it in the Dungeon)

   [ring of poison resistance]

   It protects you from fire.
   It protects you from poison.
 M - the ring "Tasap" (right hand) {rC++ rN+ Str+2}
   (You found it in the Dungeon)

   [ring of positive energy]

   It affects your strength (+2).
   It greatly protects you from cold.
   It protects you from negative energy.
 O - the amulet "Lupneclaqi" (around neck) {Gourm Int+4}
   (You found it in the Dungeon)

   [amulet of the gourmand]

   It allows you to eat raw meat even when not hungry.
   It affects your intelligence (+4).
 P - an uncursed ring of wizardry
Wands
 w - a wand of disintegration (7)
 x - a wand of iceblast (7)
 y - a wand of acid (7)
Scrolls
 k - 4 scrolls of blinking
 r - 4 scrolls of amnesia
 s - 8 scrolls of fog
 t - 5 scrolls of identify
 u - 5 scrolls of remove curse
 v - 2 scrolls of fear
Potions
 e - 10 potions of curing
 g - 9 potions of heal wounds
 h - 6 potions of haste
 i - 7 potions of magic
 j - 3 potions of berserk rage
 l - 2 potions of brilliance
 m - 2 potions of invisibility
 n - 4 potions of resistance
 p - 6 potions of agility
 q - 5 potions of might
Books
 o - a manual of Maces & Flails
 L - a manual of Long Blades
Comestibles
 f - 8 rations


   Skills:
 + Level 14.6 Fighting
 + Level 14.9 Axes
 - Level 1.7 Throwing
 + Level 13.4 Armour
 + Level 13.6 Dodging
 + Level 13.4 Shields
 * Level 8.4 Invocations


You had 11 spell levels left.
You didn't know any spells.
Your spell library was empty.

Dungeon Overview and Level Annotations

Branches:
Dungeon (1/1)

Altars:
Ashenzari
Cheibriados
Dithmenos
Elyvilon
Fedhas
Gozag
Hepliaklqana
Kikubaaqudgha
Makhleb
Nemelex Xobeh
Okawaru
Qazlal
Ru
Sif Muna
Trog
Uskayaw
Vehumet
Wu Jian
Xom
Yredelemnul
Zin
The Shining One
Beogh
Jiyva
Lugonu

Annotations:
D 1 transporter


Innate Abilities, Weirdness & Mutations

Your flesh is cold resistant. (rC+)
You regenerate health from kills.
You are immune to freezing clouds.
Your movements are less encumbered by armour. (ER -4)
Your spells are a little easier to cast, but a little less powerful.


Message History

You feel much better.
You float gracefully downwards.
You block the air elemental's attack.
PTOANNNG!
You block the air elemental's attack.
GONNNNG!
The spriggan air mage waves its arms in wide circles.
The air twists around and strikes you!
* * * LOW HITPOINT WARNING * * *
You block the wind drake's attack.
SHROANNG!
The insubstantial wisp thrums sharply.
The spriggan air mage is struck by an arc of lightning.
You resist.
You are struck by an arc of lightning.
* * * LOW HITPOINT WARNING * * *
You resist.
You are struck by an arc of lightning.
* * * LOW HITPOINT WARNING * * *
The spriggan air mage barely misses you.
The air elemental hits you but does no damage.
The storm dragon barely misses you. x2; The storm dragon tramples you!
You die...

▓...)....▓.
▓▓▓▓▓▓▓▓▓▓▓▓▓........▓.
▓....8©8....▓..†††...▓.
▓..|)}:}[}..▓.▓....▓.▓.
▓...)?=[....▓...©....▓.
▓...........▓▓▓▓▓▓▓▓▓▓▓
▓...i.§§....▓...8©8...▓
▓..§§kiD....▓..)[|[...▓
▓..§Ei@v....▓.....)...▓
▓.§▓§DE§.▓..▓.........▓
▓▓C.§▓▓ ▓.........▓
▓..▓.§§.§▓..▓....†....▓
▓.§...©§§§..▓.........▓
▓▓▓▓▓▓▓▓▓▓▓▓▓.▓.....▓.▓
▓....8©8....▓....©....▓
▓..:}.}.:}..▓▓▓▓▓▓▓▓▓▓▓
▓...=|[.....▓...8©8...▓


You could see a titan, 2 storm dragons, a wind drake, 3 spriggan air magi, 2 air
elementals and an insubstantial wisp.

Vanquished Creatures
  A greater mummy (D)
  A green draconian (D)
  A black draconian (D)
  3 white draconians (D)
  2 purple draconians (D)
  3 red draconians (D)
  2 hydras (D)
  A two-headed ogre (D)
  A deep elf knight (D)
  A spriggan druid (D)
  2 ugly things (D)
  A deep elf mage (D)
  A cyclops (shapeshifter) (D)
  A shining eye (D)
  A spiny frog (D)
  An eye of devastation (D)
  A spiny frog (shapeshifter) (D)
  A yaktaur (shapeshifter) (D)
  5 guardian mummies (D)
  2 komodo dragons (D)
  A wind drake (D)
  A hornet (D)
  2 slime creatures (D)
  A flying skull (D)
  A tarantella (D)
  2 spriggans (D)
  A yak (D)
  A water moccasin (D)
  2 floating eyes (D)
  A porcupine (D)
  A black bear (D)
  An ogre (D)
  2 eyes of draining (D)
  A bullfrog (D)
  A scorpion (D)
  A wight (D)
  6 jellies (D)
  An iguana (D)
  A mummy (D)
  2 oozes (D)
  A jackal (D)
  A leopard gecko skeleton (D)
64 creatures vanquished.

Vanquished Creatures (collateral kills)
  A red draconian (D)
  2 two-headed ogres (D)
  A cyclops (D)
  2 eyes of devastation (D)
  A guardian mummy (D)
  A jumping spider (D)
  A hornet (D)
  A spriggan (D)
  A tarantella (shapeshifter) (D)
  A floating eye (D)
  An ogre (D)
  2 phantoms (D)
  A wolf (D)
  A bullfrog (D)
  A scorpion (D)
  2 jellies (D)
  An iguana (D)
  3 mummies (D)
  An adder skeleton (D)
  A jackal (D)
26 creatures vanquished.

Vanquished Creatures (others)
  2 insubstantial wisps (D)
2 creatures vanquished.

Grand Total: 92 creatures vanquished

Notes
Turn   | Place    | Note
-------+----------+-------------------------------------------
     0 | D        | Found the +6 Majin-Bo {vamp, Archmagi MP+6 Int+6}
     0 | D        | Found the +7 great mace "Firestarter" {inner flame, rF++}
     0 | D        | nuthulu the Demonspawn Gladiator began the quest for the
                  | Orb.
     0 | D        | Reached XP level 1. HP: 16/16 MP: 1/1
     0 | D        | Found a deep blue altar of Sif Muna.
     0 | D        | Found a sacrificial altar of Ru.
     0 | D        | Found a bloodstained altar of Trog.
     0 | D        | Found a stormy altar of Qazlal.
     0 | D        | Found an iron altar of Okawaru.
     0 | D        | Found a sparkling altar of Nemelex Xobeh.
     0 | D        | Found a blossoming altar of Fedhas.
     2 | D        | Found a transporter.
     2 | D        | Found an ancient bone altar of Kikubaaqudgha.
     2 | D        | Found a viscous altar of Jiyva.
     2 | D        | Found a corrupted altar of Lugonu.
     2 | D        | Found a hazy altar of Hepliaklqana.
     2 | D        | Found a burning altar of Makhleb.
     2 | D        | Found an opulent altar of Gozag.
    31 | D        | Found the +9 heavy crossbow "Sniper" {velocity, Acc+∞ SInv}
    31 | D        | Found the +10 dark maul {crush}
    31 | D        | Found the +15 Maxwell's patent armour {-Cast -Tele rElec
                  | MR+ rCorr}
    31 | D        | Found the +18 shield of the Gong {rElec rN+ MR+ EV-5}
    31 | D        | Found the cursed +14 obsidian axe {chop, +Fly SInv *Curse}
    59 | D        | Became a worshipper of Makhleb the Destroyer
    60 | D        | Gained mutation: Your flesh is cold resistant. (rC+)
                  | [demonic ancestry]
    60 | D        | Reached XP level 2. HP: 22/22 MP: 2/2
    63 | D        | Found the +6 shillelagh "Devastator" {shatter}
    63 | D        | Found the +11 plutonium sword {*Contam Stlth-}
    63 | D        | Found the +8 lance "Wyrmbane" {slay drac, rPois rF+ rC+
                  | AC+3}
    63 | D        | Found the +9 sword of Zonguldrok {reap}
    63 | D        | Found the cursed +13 scythe of Curses {drain, *Curse}
    63 | D        | Found the +0 sword of Power
    63 | D        | Found the +7 mace of Variability {chain chaos}
    63 | D        | Found the +7 Singing Sword {slice, sonic wave}
    63 | D        | Found the +7 longbow "Piercer" {penet, EV-2}
    80 | D        | Entered arena 2.
    80 | D        | Noticed a deep elf mage
    80 | D        | Noticed a deep elf knight
    80 | D        | Found a transporter.
    84 | D        | Killed a deep elf mage
    84 | D        | Reached skill level 5 in Fighting
    84 | D        | Reached skill level 5 in Dodging
    84 | D        | Gained mutation: Your movements are slightly less
                  | encumbered by armour. (ER -2) [demonic ancestry]
    84 | D        | Reached XP level 3. HP: 34/34 MP: 3/3
    84 | D        | Reached XP level 4. HP: 40/40 MP: 4/4
    84 | D        | Gained mutation: Your movements are less encumbered by
                  | armour. (ER -4) [demonic ancestry]
    84 | D        | Reached XP level 5. HP: 46/46 MP: 5/5
    84 | D        | Gained mutation: You regenerate a little health from kills.
                  | [demonic ancestry]
    84 | D        | Reached XP level 6. HP: 52/52 MP: 6/6
    89 | D        | Killed a deep elf knight
    89 | D        | Gained mutation: You regenerate health from kills. [demonic
                  | ancestry]
    89 | D        | Reached XP level 7. HP: 60/60 MP: 7/7
   131 | D        | Entered arena 3.
   131 | D        | Noticed a slime creature
   131 | D        | Found a transporter.
   133 | D        | Paralysed by a floating eye for 2 turns
   135 | D        | Reached * piety under Makhleb
   135 | D        | Reached skill level 10 in Axes
   135 | D        | Reached XP level 8. HP: 65/67 MP: 8/8
   136 | D        | Killed a slime creature
   148 | D        | Entered arena 4.
   148 | D        | Found a transporter.
   150 | D        | Reached ** piety under Makhleb
   159 | D        | Entered arena 5.
   159 | D        | Noticed a jumping spider
   159 | D        | Found a transporter.
   160 | D        | Found the +3 salamander hide armour {+Rage rF++}
   163 | D        | Reached *** piety under Makhleb
   163 | D        | Killed a jumping spider
   170 | D        | Entered arena 6.
   170 | D        | Found a transporter.
   175 | D        | Reached **** piety under Makhleb
   178 | D        | Reached ***** piety under Makhleb
   185 | D        | Entered arena 7.
   185 | D        | Noticed a spriggan rider
   185 | D        | Noticed a spriggan rider
   185 | D        | Noticed a spriggan druid
   186 | D        | Identified the cursed +0 morningstar of Grace {flame, rPois
                  | Int+4 Dex+2}
   186 | D        | Found a transporter.
   189 | D        | Reached XP level 9. HP: 69/75 MP: 9/9
   190 | D        | Killed a spriggan druid
   204 | D        | Entered arena 8.
   204 | D        | Noticed a two-headed ogre
   204 | D        | Noticed a two-headed ogre
   204 | D        | Noticed a cyclops
   204 | D        | Noticed a two-headed ogre
   205 | D        | Found a transporter.
   208 | D        | Reached ****** piety under Makhleb
   208 | D        | Killed a two-headed ogre
   208 | D        | Reached skill level 10 in Fighting
   210 | D        | Killed a cyclops
   211 | D        | Killed a two-headed ogre
   211 | D        | Reached skill level 10 in Dodging
   211 | D        | Reached XP level 10. HP: 86/86 MP: 10/10
   213 | D        | Killed a two-headed ogre
   219 | D        | Entered arena 9.
   219 | D        | Noticed a shining eye
   219 | D        | Noticed a purple ugly thing
   219 | D        | Noticed a red ugly thing
   219 | D        | Noticed a guardian serpent
   219 | D        | Gained mutation: Your spells are a little easier to cast,
                  | but a little less powerful. [a shining eye]
   220 | D        | Found a transporter.
   221 | D        | Noticed a cyclops
   221 | D        | a yaktaur changed into a cyclops
   225 | D        | Killed a shining eye
   225 | D        | Killed a cyclops
   225 | D        | a guardian serpent changed into a yaktaur
   226 | D        | Killed a purple ugly thing
   226 | D        | Reached skill level 10 in Armour
   226 | D        | Reached skill level 10 in Shields
   226 | D        | Noticed a spiny frog
   226 | D        | a spriggan changed into a spiny frog
   227 | D        | Noticed a soul eater
   230 | D        | Killed a red ugly thing
   230 | D        | Killed a spiny frog
   341 | D        | Entered arena 10.
   341 | D        | Noticed an eye of devastation
   342 | D        | Found a transporter.
   349 | D        | Killed an eye of devastation
   356 | D        | Got the ring "Qeow" {rPois rC+ Slay-4 Stlth+}
   358 | D        | Got the ring of Attitude {rPois rF+}
   361 | D        | Entered arena 11.
   361 | D        | Noticed an eye of devastation
   361 | D        | Noticed an eye of devastation
   362 | D        | Found the +0 pair of fencer's gloves {Riposte Dex+3}
   362 | D        | Found a transporter.
   366 | D        | Gained mutation: You are immune to freezing clouds.
                  | [demonic ancestry]
   366 | D        | Reached XP level 11. HP: 62/95 MP: 6/11
   377 | D        | Got the ring "Tasap" {rC++ rN+ Str+2}
   462 | D        | Entered arena 12.
   462 | D        | Noticed a six-headed hydra
   462 | D        | Noticed a four-headed hydra
   464 | D        | Found a transporter.
   475 | D        | Killed a 15-headed hydra
   476 | D        | Killed a ten-headed hydra
   517 | D        | Entered arena 13.
   517 | D        | Noticed a red draconian
   517 | D        | Noticed a black draconian
   517 | D        | Noticed a white draconian
   517 | D        | Noticed a red draconian
   517 | D        | Noticed a green draconian
   517 | D        | Noticed a purple draconian
   517 | D        | Noticed a red draconian
   517 | D        | Noticed a white draconian
   517 | D        | Noticed a white draconian
   518 | D        | Identified the +10 falchion of Harmony {holy, rElec MP+9
                  | Int+4}
   518 | D        | Noticed a red draconian
   518 | D        | Identified the +8 hand axe "Hellblazer" {protect, rPois}
   518 | D        | Noticed a purple draconian
   519 | D        | Found a transporter.
   524 | D        | Killed a red draconian
   528 | D        | Killed a white draconian
   528 | D        | Killed a red draconian
   530 | D        | Killed a red draconian
   532 | D        | Killed a purple draconian
   533 | D        | Killed a white draconian
   533 | D        | Reached XP level 12. HP: 89/105 MP: 12/12
   535 | D        | Killed a green draconian
   535 | D        | Killed a purple draconian
   536 | D        | Killed a white draconian
   537 | D        | Killed a red draconian
   540 | D        | Killed a black draconian
   552 | D        | Entered arena 14.
   553 | D        | Noticed a greater mummy
   555 | D        | Found a transporter.
   576 | D        | Killed a greater mummy
   584 | D        | Got the amulet "Lupneclaqi" {Gourm Int+4}
   638 | D        | Entered arena 15.
   639 | D        | Noticed a titan
   639 | D        | Noticed a spriggan air mage
   639 | D        | Noticed a spriggan air mage
   639 | D        | Noticed a storm dragon
   639 | D        | Noticed a spriggan air mage
   640 | D        | Noticed a storm dragon
   641 | D        | Found the +2 ratskin cloak {+Rats rPois rN+ Str-1 Int-1
                  | Dex+1}
   641 | D        | Found a transporter.
   647 | D        | Slain by a storm dragon

Skill      XL: |  1  2  3  4  5  6  7  8  9 10 11 12 |
---------------+-------------------------------------+-----
Axes           | 7 9 10 11 12 14 | 14.9
Fighting       | 5 7 8 10 11 13 14 | 14.6
Armour         | 4 6 7 9 10 12 13 | 13.4
Dodging        | 5 7 8 10 11 12 13 | 13.6
Shields        | 4 6 7 9 10 12 13 | 13.4
Invocations    | 8 |  8.4
Throwing       | |  1.7

Action                   |  1- 3 |  4- 6 |  7- 9 | 10-12 || total
-------------------------+-------+-------+-------+-------++-------
Melee: Broad axe         |     3 |     5 |    30 |    83 ||   121
  Use: Potion            |     1 |       |       |     1 ||     2
Armor: Plate armour      |     2 |     1 |     8 |    81 ||    92
Dodge: Dodged            |       |       |     7 |    51 ||    58
Block: Shield            |     3 |     4 |    41 |   172 ||   220
